 Dungeon Crawl Stone Soup version 0.29.1-15-g9cfb28693d (webtiles) character file.

Game seed: 16572709310297145091

249 Gabide the Trooper (level 6, -1/68 HPs)
             Began as an Ogre Monk on Feb 24, 2023.
             Was a Believer of Elyvilon.
             Slain by Blork the orc
             ... wielding a +0 battleaxe
              (13 damage)
             ... on level 4 of the Dungeon.
             The game lasted 00:12:53 (4931 turns).

Gabide the Trooper (Ogre Monk)                      Turns: 4931, Time: 00:12:54

Health: -1/68      AC:  7    Str: 18    XL:     6   Next: 12%
Magic:  6/6        EV: 10    Int: 11    God:    Elyvilon [**....]
Gold:   279        SH:  0    Dex: 11    Spells: 5/5 levels left

rFire   . . .      SeeInvis .   a - +0 spear
rCold   . . .      Faith    .   (no shield)
rNeg    . . .      Spirit   .   j - +2 robe
rPois   .          Reflect  .   d - +2 hat
rElec   .          Harm     .   (no cloak)
rCorr   .          Rampage  .   (gloves unavailable)
Will    .....                   (boots unavailable)
Stlth   ++........              (no amulet)
HPRegen 0.21/turn               (no ring)
MPRegen 0.10/turn               (no ring)

@: no status effects
A: large, unfitting armour, tough skin 1
a: Renounce Religion, Purification, Heal Other


You were on level 4 of the Dungeon.
You worshipped Elyvilon.
Elyvilon was pleased with you.
You visited 2 branches of the dungeon, and saw 5 of its levels.

You collected 279 gold pieces.

Inventory:

Hand Weapons
 a - a +0 spear (weapon)
 b - a +0 sling
Armour
 d - a +2 hat (worn)
 j - a +2 robe (worn)
Wands
 u - a wand of flame (22)
Scrolls
 e - 4 scrolls of amnesia
 k - 2 scrolls of blinking
 r - a scroll of fear {unknown}
Potions
 c - a potion of ambrosia
 f - a potion of resistance {unknown}
 g - 2 potions of curing
 i - 2 potions of haste
 l - 2 potions of magic
 m - a potion of mutation {unknown}
 p - a potion of flight {unknown}
 q - a potion of brilliance {unknown}
 t - 2 potions of berserk rage {unknown}


   Skills:
 * Level 6.3 Fighting
 * Level 4.8 Polearms
 + Level 3.5 Dodging
 - Level 1.4 Stealth


You had 5 spell levels left.
You didn't know any spells.
Your spell library contained the following spells:

 Spells                   Type           Power      Damage    Failure   Level
 Portal Projectile        Hex/Tloc       0%         N/A       71%         3
 Tukima's Dance           Hex            0%         N/A       71%         3
 Blade Hands              Tmut           0%         N/A       100%        5


Dungeon Overview and Level Annotations

Branches:
Dungeon (4/15)             Temple (1/1) D:4

Altars:
Ashenzari
Cheibriados
Dithmenos
Elyvilon
Fedhas
Gozag
Hepliaklqana
Kikubaaqudgha
Okawaru
Qazlal
Ru
Sif Muna
Uskayaw
Vehumet
Wu Jian
Xom
Yredelemnul
Zin
The Shining One

Annotations:
D:2 Sigmund
D:4 Blork the orc


Innate Abilities, Weirdness & Mutations

You are too large for most types of armour.
You have tough skin. (AC +1)


Message History

Blork the orc is moderately wounded.
You hit Blork the orc.
Blork the orc is moderately wounded.
Blork the orc screams, "I'm going to kill you!"
Blork the orc hits you with a +0 battleaxe!
You hit Blork the orc.
Blork the orc is heavily wounded.
Blork the orc barely misses you.
You barely miss Blork the orc.
Blork the orc is heavily wounded.
Blork the orc mumbles some strange words.
Blork the orc seems to speed up.
You hit Blork the orc but do no damage.
Blork the orc is heavily wounded.
Blork the orc hits you with a +0 battleaxe.
Okay, then.
Press: ? - help, Dir - move target, f/p - Blork the orc Heal: Blork the orc, wielding a +0 battleaxe and wearing a +0 robe (moderately wounded, fast, uninterested) Unknown command.
Unknown command.
You hit Blork the orc.
Blork the orc is heavily wounded.
Blork the orc casts a spell at you. The puff of flame hits you!
You hit Blork the orc.
Blork the orc is severely wounded.
Blork the orc hits you with a +0 battleaxe.
Blork the orc gestures at you while chanting.
The magic dart hits you!
You hit Blork the orc but do no damage.
Blork the orc is severely wounded.
Blork the orc barely misses you.
You hit Blork the orc.
Blork the orc is almost dead.
Blork the orc hits you with a +0 battleaxe!
* * * LOW HITPOINT WARNING * * *
You barely miss Blork the orc.
Blork the orc is almost dead.
Blork the orc hits you with a +0 battleaxe!
You die...

#.#..# #.# #.#
#....# #.#
######.##########
###.## #.#
#................
.#.## #.#
#.###.###########
..## #.#
#............ ###
#.# #รท.##.######.
######.####).##.#
#............##.##
#.####....@o.......
#######(####.# #...
...(.# )...... ##
..(... ###...
...... ....##
......


You could see Blork the orc (fast).

Vanquished Creatures
  A jelly (D:4)
  Natasha (thrice) (D:2)
  Robin (D:3)
  4 adders
  2 worms
  3 dart slugs
  8 bats
  7 endoplasms
  2 giant cockroaches
  17 goblins
  9 hobgoblins
  3 jackals (D:4)
  10 kobolds
  5 ball pythons
  2 frilled lizards (D:1)
  5 rats
82 creatures vanquished.

Notes
Turn   | Place    | Note
-------+----------+-------------------------------------------
     0 | D:1      | Gabide the Ogre Monk began the quest for the Orb.
     0 | D:1      | Reached XP level 1. HP: 24/24 MP: 1/1
   218 | D:1      | Reached XP level 2. HP: 29/32 MP: 2/2
   723 | D:1      | Reached XP level 3. HP: 40/40 MP: 3/3
  1068 | D:2      | Found an iron altar of Okawaru.
  1224 | D:2      | Noticed Sigmund
  1681 | D:2      | Reached skill level 5 in Fighting
  1915 | D:2      | Reached XP level 4. HP: 43/50 MP: 4/4
  2299 | D:2      | Noticed Natasha
  2311 | D:2      | Killed Natasha
  2393 | D:2      | Found a faded altar of an unknown god.
  3018 | D:2      | Noticed Natasha
  3028 | D:2      | Killed Natasha
  3029 | D:2      | Reached XP level 5. HP: 41/58 MP: 5/5
  3042 | D:2      | Noticed Natasha
  3049 | D:2      | Killed Natasha
  3201 | D:3      | Found a sacrificial altar of Ru.
  3201 | D:3      | Found a radiant altar of Vehumet.
  3212 | D:3      | Noticed Robin
  3242 | D:3      | Killed Robin
  3247 | D:3      | Reached skill level 6 in Fighting
  4034 | D:4      | Found a staircase to the Ecumenical Temple.
  4043 | Temple   | Entered the Ecumenical Temple
  4099 | Temple   | Became a worshipper of Elyvilon the Healer
  4099 | Temple   | Reached * piety under Elyvilon
  4099 | Temple   | Reached ** piety under Elyvilon
  4267 | D:4      | Found a blossoming altar of Fedhas.
  4557 | D:4      | Reached XP level 6. HP: 60/68 MP: 6/6
  4585 | D:4      | Noticed Blork the orc
  4931 | D:4      | Slain by Blork the orc

Illustrated notes

Levels and vault maps discovered:
D:1:      saegor_arrival_simple_a, layout_basic
D:2:      cheibrodos_helix_gallery, layout_loops_corners, basic_altar,
          chequers_ecumenical_altar_grove, uniq_natasha, uniq_sigmund
D:3:      layout_basic, jmf_multi_god_temple, kennysheep_pointless_box,
          uniq_robin
D:4:      layout_loops_ring, lemuel_tele_altar, minmay_temple_entry_slanted,
          uniq_blork_the_orc
Temple:   eino_temple_scatter_basement

Skill      XL: |  1  2  3  4  5 |
---------------+----------------+-----
Dodging        | 3 |  3.5
Fighting       | 5 6 |  6.3
Polearms       | 4 |  4.8
Stealth        | |  1.4

Action                   |  1- 3 |  4- 6 || total
-------------------------+-------+-------++-------
Melee: Spear             |   145 |   166 ||   311
       Punch             |       |     3 ||     3
 Fire: Sling             |    32 |    47 ||    79
Throw: Dart              |       |    19 ||    19
Evoke: Wand              |       |     1 ||     1
  Use: Scroll            |     6 |     9 ||    15
 Stab: Sleeping          |     3 |       ||     3
       Invisible         |       |     1 ||     1
Armor: Robe              |    39 |    62 ||   101
Dodge: Dodged            |    54 |    85 ||   139
